 Dungeon Crawl Stone Soup version 0.28-a0-919-g0b5b508569 (webtiles) character file.

Game seed: 15379192372838382301

1289 SmokeWeed the Slasher (level 8, -10/67 HPs)
             Began as a Gnoll Cinder Acolyte on Nov 25, 2021.
             Was an Initiate of Ignis.
             Mangled by Pikel (14 damage)
             ... on level 6 of the Dungeon.
             The game lasted 00:19:52 (6006 turns).

SmokeWeed the Slasher (Gnoll Cinder Acolyte)        Turns: 6006, Time: 00:19:53

Health: -10/67     AC: 12    Str: 13    XL:     8   Next: 55%
Magic:  7/14       EV: 11    Int: 14    God:    Ignis [......]
Gold:   295        SH:  0    Dex:  8    Spells: 4/15 levels left

rFire   + . .      SeeInvis .   n - +5 whip
rCold   . . .      Faith    .   (no shield)
rNeg    . . .      Spirit   .   c - +3 ring mail
rPois   .          Reflect  .   (no helmet)
rElec   .          Harm     .   (no cloak)
rCorr   .          Rampage  .   (no gloves)
Will    +....                   (no boots)
Stlth   +.........              (no amulet)
HPRegen 0.21/turn               g - +4 ring of protection
MPRegen 0.14/turn               (no ring)

@: attractive
A: fangs 1, strong nose, distributed training, strong-willed 1, weak 1, wild
magic 1
a: Renounce Religion, Rising Flame


You were on level 6 of the Dungeon.
You worshipped Ignis.
Ignis was noncommittal.
You visited 1 branch of the dungeon, and saw 6 of its levels.

You collected 295 gold pieces.

Inventory:

Hand Weapons
 a - a +0 falchion of flaming
 d - a +0 quarterstaff
 h - a +2 flail of protection
 n - a +5 whip (weapon)
Missiles
 e - 52 arrows
 f - 41 sling bullets
 i - 24 bolts
 j - 74 stones
 m - 23 poisoned darts
Armour
 b - a +0 robe
 c - a +3 ring mail (worn)
Magical Staves
 q - a staff of poison
Jewellery
 g - a +4 ring of protection (left hand)
Wands
 s - a wand of digging (6)
 v - a wand of paralysis (9)
Scrolls
 k - a scroll of teleportation
 t - a scroll of amnesia {unknown}
 u - a scroll of enchant weapon
Potions
 p - a potion of lignification {unknown}
 r - a potion of curing {unknown}


   Skills:
 + Level 7.4 Fighting
 + Level 3.3 Short Blades
 + Level 7.4 Long Blades
 + Level 3.3 Axes
 + Level 3.3 Maces & Flails
 + Level 3.3 Polearms
 + Level 3.3 Staves
 + Level 3.3 Slings
 + Level 3.3 Bows
 + Level 3.3 Crossbows
 + Level 3.3 Throwing
 + Level 3.3 Armour
 + Level 3.3 Dodging
 + Level 3.3 Stealth
 + Level 3.3 Shields
 + Level 3.3 Unarmed Combat
 + Level 4.4 Spellcasting
 + Level 2.7 Conjurations
 + Level 2.7 Hexes
 + Level 2.7 Summonings
 + Level 2.7 Necromancy
 + Level 2.7 Translocations
 + Level 2.7 Transmutations
 + Level 6.1 Fire Magic
 + Level 2.7 Ice Magic
 + Level 2.7 Air Magic
 + Level 2.7 Earth Magic
 + Level 2.7 Poison Magic
 + Level 3.7 Invocations
 + Level 3.3 Evocations


You had 4 spell levels left.
You knew the following spells:

 Your Spells              Type           Power      Damage    Failure   Level
a - Scorch                Fire           52%        2d7       8%          2
b - Mephitic Cloud        Conj/Pois/Air  14%        N/A       45%         3
c - Ignite Poison         Fire/Tmut/Pois 18%        N/A       30%         3
d - Searing Ray           Conj           28%        2d5       26%         2
e - Freeze                Ice            56%        1d7       17%         1

Your spell library contained the following spells:

 Spells                   Type           Power      Damage    Failure   Level
 Animate Skeleton         Necr           28%        N/A       17%         1
 Magic Dart               Conj           56%        1d5       17%         1
 Pain                     Necr           56%        1d6       17%         1
 Frozen Ramparts          Ice            28%        1d4       45%         3
 Vampiric Draining        Necr           14%        2d7       45%         3
 Animate Dead             Necr           7%         N/A       83%         4
 Fulminant Prism          Conj/Hex       7%         3d7       83%         4
 Hailstorm                Conj/Ice       14%        3d5       83%         4
 Borgnjor's Vile Clutch   Necr/Erth      7%         N/A       99%         5
 Freezing Cloud           Conj/Ice/Air   7%         6-21      99%         5
 Death Channel            Necr           7%         N/A       100%        6


Dungeon Overview and Level Annotations

Branches:
Dungeon (6/15)
 Temple: D:4-7

Altars:
Nemelex Xobeh
Uskayaw

Annotations:
D:6 Pikel


Innate Abilities, Weirdness & Mutations

You have very sharp teeth.
Your uncanny sense of smell can sniff out nearby items.
Your experience applies equally to all skills.
You are strong-willed. (Will+)
You are weak. (Str -2)
Your spells are a little harder to cast, but a little more powerful.


Message History

The lemure is heavily wounded.
The lemure hits you but does no damage. Pikel hits you but does no damage.
You barely miss the lemure.
The lemure is heavily wounded.
The lemure hits you.
* * * LOW HITPOINT WARNING * * *
Pikel hits you but does no damage.
You closely miss the lemure.
The lemure is moderately wounded.
The lemure hits you but does no damage. Pikel hits you but does no damage.
You hit the lemure.
The lemure is heavily wounded.
The lemure hits you but does no damage. Pikel hits you but does no damage.
You hit the lemure.
The lemure is severely wounded.
The lemure hits you but does no damage. Pikel hits you but does no damage.
You closely miss the lemure.
The lemure is severely wounded.
The lemure hits you.
* * * LOW HITPOINT WARNING * * *
You barely miss the lemure.
The lemure is severely wounded.
Pikel hits you but does no damage. The lemure hits you but does no damage.
You closely miss the lemure.
The lemure is severely wounded.
You feel less wooden.
Your +3 ring mail unmelds from your body.
Pikel hits you but does no damage. The lemure barely misses you.
You hit the lemure but do no damage. Your bite misses the lemure.
The lemure is severely wounded.
Pikel hits you with a +0 whip of electrocution.
* * * LOW HITPOINT WARNING * * *
The lemure hits you.
* * * LOW HITPOINT WARNING * * *
You miss the lemure. You bite the lemure, but do no damage.
The lemure is severely wounded.
Pikel hits you with a +0 whip of electrocution.
* * * LOW HITPOINT WARNING * * *
You are electrocuted!
You die...

.............
##.......##. #........
#.......# #........
#####...# #........
######...#######....(.
#....................∆
#......#...........#
#......#.......K5..#
#......#........@..#
#......#...........#
#......#.........:.#
########...........#
#...........#
#...........#
####.######## #.# #.#


You could see Pikel and a lemure.

Vanquished Creatures
  2 ice beasts
  A hornet zombie (D:4)
  3 ogres
  A phantom (D:5)
  3 lemures (D:6)
  3 scorpions
  3 hounds
  A gnoll shaman (D:4)
  3 orc priests
  An orc wizard (D:5)
  A hound skeleton (D:3)
  8 gnolls
  4 adders
  A white imp (D:5)
  2 adder skeletons (D:4)
  5 worms
  A dart slug (D:2)
  17 orcs
  12 ball pythons
  8 bats
  6 endoplasms
  2 giant cockroaches
  5 goblins
  6 hobgoblins
  6 jackals
  10 quokkas
  6 kobolds
  9 rats
130 creatures vanquished.

Vanquished Creatures (collateral kills)
  8 foxfires (D:4)
8 creatures vanquished.

Vanquished Creatures (others)
  51 foxfires
51 creatures vanquished.

Grand Total: 189 creatures vanquished

Notes
Turn   | Place    | Note
-------+----------+-------------------------------------------
     0 | D:1      | SmokeWeed the Gnoll Cinder Acolyte began the quest for the
                  | Orb.
     0 | D:1      | Reached XP level 1. HP: 23/23 MP: 4/4
   445 | D:1      | Reached XP level 2. HP: 29/29 MP: 5/5
   560 | D:1      | Learned a level 2 spell: Scorch
   892 | D:1      | Found a faded altar of an unknown god.
  1299 | D:2      | Reached XP level 3. HP: 12/35 MP: 1/7
  1591 | D:2      | Reached skill level 1 in Invocations
  1902 | D:2      | Reached skill level 1 in Short Blades
  1902 | D:2      | Reached skill level 1 in Axes
  1902 | D:2      | Reached skill level 1 in Maces & Flails
  1902 | D:2      | Reached skill level 1 in Polearms
  1902 | D:2      | Reached skill level 1 in Staves
  1902 | D:2      | Reached skill level 1 in Slings
  1902 | D:2      | Reached skill level 1 in Bows
  1902 | D:2      | Reached skill level 1 in Crossbows
  1902 | D:2      | Reached skill level 1 in Throwing
  1902 | D:2      | Reached skill level 1 in Armour
  1902 | D:2      | Reached skill level 1 in Dodging
  1902 | D:2      | Reached skill level 1 in Stealth
  1902 | D:2      | Reached skill level 1 in Shields
  1902 | D:2      | Reached skill level 1 in Unarmed Combat
  1902 | D:2      | Reached skill level 1 in Evocations
  2013 | D:2      | Reached XP level 4. HP: 26/41 MP: 8/8
  2629 | D:3      | Reached skill level 1 in Conjurations
  2629 | D:3      | Reached skill level 1 in Hexes
  2629 | D:3      | Reached skill level 1 in Summonings
  2629 | D:3      | Reached skill level 1 in Necromancy
  2629 | D:3      | Reached skill level 1 in Translocations
  2629 | D:3      | Reached skill level 1 in Transmutations
  2629 | D:3      | Reached skill level 1 in Ice Magic
  2629 | D:3      | Reached skill level 1 in Air Magic
  2629 | D:3      | Reached skill level 1 in Earth Magic
  2629 | D:3      | Reached skill level 1 in Poison Magic
  3020 | D:3      | Noticed an ogre
  3034 | D:3      | Reached XP level 5. HP: 40/47 MP: 0/9
  3035 | D:3      | Killed an ogre
  3168 | D:3      | Found a sparkling altar of Nemelex Xobeh.
  3220 | D:4      | Reached XP level 6. HP: 53/53 MP: 10/10
  3986 | D:4      | Gained mutation: You are strong-willed. (Will+) [potion of
                  | mutation]
  3986 | D:4      | Gained mutation: You are weak. (Str -2) [potion of
                  | mutation]
  3986 | D:4      | Gained mutation: Your spells are a little harder to cast,
                  | but a little more powerful. [potion of mutation]
  4114 | D:4      | Reached XP level 7. HP: 59/59 MP: 12/12
  4858 | D:4      | Found a hide-covered altar of Uskayaw.
  4926 | D:5      | Entered Level 5 of the Dungeon
  5073 | D:5      | Reached XP level 8. HP: 38/67 MP: 3/14
  5598 | D:5      | Learned a level 3 spell: Mephitic Cloud
  5602 | D:5      | Learned a level 3 spell: Ignite Poison
  5605 | D:5      | Learned a level 2 spell: Searing Ray
  5607 | D:5      | Learned a level 1 spell: Freeze
  5965 | D:6      | Noticed Pikel
  6006 | D:6      | Mangled by Pikel

Illustrated notes

Levels and vault maps discovered:
D:1:      scummos_arrival_gate, layout_loops_corners,
          hellmonk_ecumenical_altar_inner_sanctum, kennysheep_another_room
D:2:      layout_basic
D:3:      layout_loops_ring, nemelex_dance_club_becter, minmay_pentangle
D:4:      minmay_diamond_boxcup, layout_layer_cave,
          lemuel_coloured_pillars_altar, cheibrodos_gnoll_hut
D:5:      layout_rooms, grunt_ministairs_7
D:6:      minmay_thick_lines, layout_basic, grunt_dithmenos_smoke,
          minmay_temple_entry_nine_rooms, uniq_edmund, uniq_pikel, uniq_menkaure

Skill      XL: |  1  2  3  4  5  6  7  8 |
---------------+-------------------------+-----
Invocations    | 1 2 3 |  3.7
Short Blades   | 1 2 3 |  3.3
Axes           | 1 2 3 |  3.3
Maces & Flails | 1 2 3 |  3.3
Polearms       | 1 2 3 |  3.3
Staves         | 1 2 3 |  3.3
Slings         | 1 2 3 |  3.3
Bows           | 1 2 3 |  3.3
Crossbows      | 1 2 3 |  3.3
Throwing       | 1 2 3 |  3.3
Armour         | 1 2 3 |  3.3
Dodging        | 1 2 3 |  3.3
Stealth        | 1 2 3 |  3.3
Shields        | 1 2 3 |  3.3
Unarmed Combat | 1 2 3 |  3.3
Evocations     | 1 2 3 |  3.3
Spellcasting   | 3 4 |  4.4
Conjurations   | 1 2 |  2.7
Hexes          | 1 2 |  2.7
Summonings     | 1 2 |  2.7
Necromancy     | 1 2 |  2.7
Translocations | 1 2 |  2.7
Transmutations | 1 2 |  2.7
Ice Magic      | 1 2 |  2.7
Air Magic      | 1 2 |  2.7
Earth Magic    | 1 2 |  2.7
Poison Magic   | 1 2 |  2.7
Fighting       | 7 |  7.4
Long Blades    | 7 |  7.4
Fire Magic     | 6 |  6.1

Action                   |  1- 3 |  4- 6 |  7- 9 || total
-------------------------+-------+-------+-------++-------
Melee: Falchion          |    40 |    36 |       ||    76
       Bite              |    11 |     9 |    11 ||    31
       Quarterstaff      |    76 |     9 |       ||    85
       Whip              |       |    69 |   144 ||   213
 Cast: Scorch            |     3 |    25 |    38 ||    66
       Freeze            |       |       |     1 ||     1
       Searing Ray       |       |       |     1 ||     1
Invok: Foxfire Swarm     |       |     5 |     1 ||     6
       Fiery Armour      |       |     2 |     2 ||     4
  Use: Scroll            |     1 |     5 |       ||     6
       Potion            |       |     1 |     3 ||     4
 Stab: Distracted        |       |       |     1 ||     1
Armor: Robe              |     4 |       |       ||     4
       Ring mail         |    45 |    59 |   103 ||   207
       Skin              |       |       |    62 ||    62
Dodge: Dodged            |    88 |    69 |    87 ||   244

Table legend: (Time is in decaauts)
 A = Elapsed time spent in this place.
 B = Non-inter-level travel time spent in this place.
 C = Inter-level travel time spent in this place.
 D = Time resting spent in this place.
 E = Time spent auto-exploring this place.
 F = Levels seen in this place.
 G = Mean time per level.
                   A        B        C        D        E       F      G
               +--------+--------+--------+--------+--------+-----+--------+
         Total |   6019 |   5919 |    100 |    706 |   4067 |   6 | 1003.2 |
       Dungeon |   6019 |   5919 |    100 |    706 |   4067 |   6 | 1003.2 |
               +--------+--------+--------+--------+--------+-----+--------+

Top non-repeatable levels by time:
     D:4: 1757 daAuts
     D:1: 1246 daAuts
     D:2: 997 daAuts
     D:3: 972 daAuts
     D:5: 865 daAuts
     D:6: 180 daAuts
